Unix NetHack Version 5.0.0-0 post-release - last build May  4 2026 22:22:43 (774f63e81ad911689b3a0859ea89b322d5daca8d,branch:main).

Game began 2026-05-06 15:36:20, ended 2026-05-06 16:06:45.

Ackbladder, neutral male gnomish Wizard

                                                                   --------
                                               -----.----          |......|
                    ----------                 |.......(.####      |......|
                    |........|                 |........|   ######*.......|
    ------    ######-........|                #-.........# ####    |......|
    |{....#####     -------|--                #|........|###       ---.----
    |....|                 #                  #|...>.....###          #
    |.....#######          #                 ##---------- #           #
    |....|      ##         #         ------###            #           #
    |....|       #         #         |....-#              #           ##
    ------       #       ###         |....|         ###############    ####
                 #       #           ..<..|        ##     #     --|-------|---
                 ##   ---|-------   @------     ####      ##    |............|
                  #   |.........+ ###########*###          ##   |............|
                  #   |.........|   #                       ####|.......`....|
                      |..`....`..####                          #.............|
                      -----------                               |............|
                                                                --------------

Ackbladder the Thaumaturge  St:13 Dx:15 Co:13 In:19 Wi:10 Ch:13  Neutral
Dlvl:6  $:98 HP:0(40) Pw:9(45) AC:8  Xp:6 T:3860  Burdened Blind

Latest messages:
 In what direction? .
 You feel better.
 The rabid rat bites!
 In what direction? 6
 The sleep ray hits the rabid rat.
 You kill the rabid rat!
 Where do you want to travel to?
 (For instructions type a '?')
 You hit the lichen.
 You kill the lichen!
 You see here a lichen corpse.
 There is a lichen corpse here; eat it? [ynq] (n) y
 This lichen corpse tastes okay.
 You finish eating the lichen corpse.
 Where do you want to travel to?
 (For instructions type a '?')
 Do you want to change into a jackal? [yn] (n) n
 You don't have enough energy to cast that spell.
 The wolf bites!
 Do you want to change into a jackal? [yn] (n) n
 The wolf bites!
 The wolf bites!
 You don't have enough energy to cast that spell.
 You miss the wolf.
 The wolf bites!
 You miss the wolf.
 The wolf bites!
 The wolf bites!
 In what direction? .
 You feel better.
 The wolf bites!
 You don't have enough energy to cast that spell.
 You miss the wolf.
 The wolf bites!
 You miss the wolf.
 The wolf bites!
 The wolf bites!
 What do you want to write with? [- ac-enostB-DHWX or ?*] X
 You write in the dust with a zinc wand.
 What do you want to write in the dust here? Elbereth
 The wolf turns to flee.
 The raven bites!
 The raven blinds you!
 It bites!
 It bites!
 It bites!
 It bites!
 You die...
 Do you want your possessions identified? [ynq] (y) y
 Do you want to see your attributes? [ynq] (y) q

Inventory:
 Coins    ('$')
  $ - 98 gold pieces
 Weapons  (')')
  o - 8 +0 elven arrows
  t - 9 +0 darts
  s - 9 cursed +0 darts
  a - a blessed +1 quarterstaff (weapon in hands)
 Armor    ('[')
  J - an uncursed +0 pair of gauntlets of dexterity (being worn)
  b - an uncursed +0 cloak of magic resistance (being worn)
  L - an uncursed +0 Hawaiian shirt with a giant eel motif
 Comestibles  ('%')
  r - an uncursed food ration
 Scrolls  ('?')
  p - an uncursed scroll of charging
  G - an uncursed scroll of confuse monster
  k - an uncursed scroll of create monster
  y - an uncursed scroll of destroy armor
  u - 3 uncursed scrolls of enchant armor
  V - an uncursed scroll of enchant weapon
  w - 2 uncursed scrolls of food detection
  j - an uncursed scroll of gold detection
  O - 2 uncursed scrolls of identify
  i - a blessed scroll of light
 Spellbooks  ('+')
  E - an uncursed spellbook of create monster
  l - a blessed spellbook of force bolt
  m - an uncursed spellbook of haste self
  I - an uncursed spellbook of healing
  Y - an uncursed spellbook of magic missile
  Z - an uncursed spellbook of sleep
 Potions  ('!')
  z - an uncursed potion of confusion
  x - an uncursed potion of extra healing
  F - an uncursed potion of full healing
  h - an uncursed potion of gain level
  f - 3 uncursed potions of healing
  q - a cursed potion of healing
  g - an uncursed potion of water
 Rings    ('=')
  B - an uncursed ring of aggravate monster
  e - an uncursed ring of conflict
  W - an uncursed ring of polymorph
  d - an uncursed ring of polymorph control (on right hand)
 Wands    ('/')
  c - a wand of create monster (0:3)
  D - a wand of light (0:10)
  X - a wand of locking (0:7)
 Tools    ('(')
  A - an uncursed blindfold
  n - a magic marker (0:22)
  v - an uncursed mirror
  M - an uncursed skeleton key
 Gems/Stones  ('*')
  C - an uncursed jade stone
  H - an uncursed worthless piece of blue glass

Ackbladder the Wizard's attributes:

Background:
 You were a Thaumaturge, a level 6 male gnomish Wizard.
 You were neutral, on a mission for Thoth
 who was opposed by Ptah (lawful) and Anhur (chaotic).
 You were right-handed.
 You were in the Dungeons of Doom, on level 6.
 You entered the dungeon 3860 turns ago.
 You had 399 experience points, 241 more were needed to attain level 7.

Basics:
 You had 0 out of 40 hit points.
 You had 9 out of 45 energy points (spell power).
 Your armor class was 8.
 Your wallet contained 98 zorkmids.
 Autopickup was off.

Final Characteristics:
 Your strength was 13 (limit:18/50).
 Your dexterity was 15 (limit:18).
 Your constitution was 13 (limit:18).
 Your intelligence was 19 (limit:19).
 Your wisdom was 10 (limit:18).
 Your charisma was 13 (limit:18).

Final Status:
 You were temporarily blind.
 You weren't hungry.
 You were burdened; movement was slightly slowed.
 You were wielding a quarterstaff.
 You had basic skill with quarterstaff and could have enhanced that.

Final Attributes:
 You were piously aligned.
 You were magic-protected.
 You were poison resistant.
 You were level-drain resistant.
 You had infravision.
 You were warded.
 You had polymorph control.
 You were a werejackal.
 You were harmed by silver.
 Thoth was angry with you.
 You are dead.

Miscellaneous:
 You didn't encounter any bones levels.
 Total elapsed playing time was 30 minutes and 24 seconds.

Major events:
 Turn
    1: Ackbladder the neutral male gnomish Wizard entered the dungeon
 1092: attained the rank of Conjurer (level 3)
 3409: attained the rank of Thaumaturge (level 6)
 3860: killed by a raven

Spells:
 Name                 Level Category     Fail Retention
 force bolt             1   attack         0%   81%-90%
 haste self             3   escape        63%  76%-100%
 healing                1   healing        0%  76%-100%
 magic missile          2   attack         0%  91%-100%
 sleep                  3   enchantment    0%  91%-100%

Skills:
 Fighting Skills
   bare handed combat [Unskilled]
   riding             [Unskilled]
 Weapon Skills
   dagger             [Unskilled]
   knife              [Unskilled]
   axe                [Unskilled]
   short sword        [Unskilled]
   club               [Unskilled]
   mace               [Unskilled]
   quarterstaff       [Basic]
   polearms           [Unskilled]
   spear              [Unskilled]
   trident            [Unskilled]
   sling              [Unskilled]
   dart               [Unskilled]
   shuriken           [Unskilled]
 Spellcasting Skills
   attack spells      [Basic]
   healing spells     [Unskilled]
   divination spells  [Unskilled]
   enchantment spells [Basic]
   clerical spells    [Unskilled]
   escape spells      [Unskilled]
   matter spells      [Unskilled]

Voluntary challenges:
 Character rerolling was not enabled.
 You never genocided any monsters.
 You never polymorphed an object.
 You never changed form.
 You used no wishes.
Achievements:
 You entered a shop.
 You attained the rank of Conjurer.
 You attained the rank of Thaumaturge.

 The Dungeons of Doom: levels 1 to 6
    Level 1:
       A fountain.
    Level 2:
       Some fountains.
    Level 3:
       A weapon shop, an altar to Thoth.
    Level 4:
       A general store, a fountain.
    Level 5:
       A fountain, a sink.
    Level 6: <- You were here.
       A fountain.
       Final resting place for
          you, killed by a raven.


Vanquished creatures:
  a dingo
  a snake
  a wood nymph
  a water nymph
 an Uruk-hai
  a rock piercer
  a shrieker
  a violet fungus
 an elf zombie
  a little dog
  a floating eye
  3 kittens
  a kobold shaman
  a rabid rat
  a giant bat
  a wererat
  2 werejackals
  5 iguanas
  2 acid blobs
  3 gas spores
  7 manes
  2 hobgoblins
  a cave spider
  a brown mold
  a yellow mold
  a green mold
  a red mold
  a gnome
  3 garter snakes
  2 gnome zombies
  2 geckos
  4 jackals
  2 foxes
  2 kobolds
  a sewer rat
  2 grid bugs
  4 lichens
  a kobold zombie
  4 newts
72 creatures vanquished.

No species were genocided or became extinct.

Game over:
                       ----------
                      /          \
                     /    REST    \
                    /      IN      \
                   /     PEACE      \
                  /                  \
                  |    Ackbladder    |
                  |      98 Au       |
                  |   killed by a    |
                  |      raven       |
                  |                  |
                  |                  |
                  |       2026       |
                 *|     *  *  *      | *
        _________)/\\_//(\/(/\)/\//\/|_)_______

Goodbye Ackbladder the Wizard...

You died in The Dungeons of Doom on dungeon level 6 with 1945 points,
and 98 pieces of gold, after 3860 moves.
You were level 6 with a maximum of 40 hit points when you died.

